AoeStats
← zapato3103

Nomad

509240728Analyzed
3v3 RM · 7d ago on Sep 26, 2026· 70m 52s· 6 players
Game mode
Random Map
Map size
210×210
Population
200
Speed
Normal
Resources
Standard
Victory
Conquest
Starting age
Dark Age
Ending age
Imperial Age
RankedLock teamsTeams togetherTeam positionsShared explorationLock speedFull tech treeHidden civsTurbo modeCheats
Victory
Defeat
🇨🇳 Danes · China
1254
+14
🇵🇱 Persians · Poland
1172
+17
🇺🇸 Hindustanis · United States
1164
+18
🇺🇸 Varangians · United States
1248
-18
🇲🇽 Slavs · Mexico
1195
-16
🇲🇽 Saxons · Mexico
1179
-15
zapato3103
8:55 Loom
13:21 Feudal Age
16:42 Double-Bit Axe
18:11 Fletching
19:30 Man-at-Arms
27:13 Castle Age
27:25 Crossbowman
29:48 Bow Saw
30:54 Town Watch
31:26 Bodkin Arrow
31:54 Padded Archer Armor
32:40 Gold Mining
32:33 Horse Collar
37:15 Leather Archer Armor
38:47 Scale Mail Armor
38:57 Forging
42:27 Imperial Age
40:52 Pikeman
44:24 Iron Casting
46:49 Chain Mail Armor
48:02 Ballistics
48:15 Arbalester
49:15 Gambesons
49:30 Squires
50:21 Bracer
51:29 Thumb Ring
51:24 Elite Skirmisher
53:15 Cranequins
60:35 Ring Archer Armor
60:35 Plate Mail Armor
theshyforest
3:25 Loom
14:11 Feudal Age
14:52 Double-Bit Axe
19:00 Fletching
19:21 Forging
22:24 Castle Age
20:33 Fishing Lines
26:04 Squires
26:47 Bodkin Arrow
36:22 Arson
36:45 Gillnets
38:08 Bloodlines
38:46 Scale Barding Armor
40:40 Chain Barding Armor
41:29 Husbandry
44:58 Wheelbarrow
47:04 Iron Casting
47:02 Pikeman
47:52 Elite Skirmisher
49:07 Padded Archer Armor
48:55 Vendel Legacy
49:01 Elite Skirmisher
49:48 Elite Skirmisher
51:55 Leather Archer Armor
55:47 Imperial Age
58:03 Caravan
59:18 Ballistics
60:14 Scale Mail Armor
64:09 Leather Archer Armor
64:42 Conscription
Gamaleon
4:09 Loom
12:39 Feudal Age
13:15 Double-Bit Axe
16:56 Horse Collar
20:23 Forging
22:55 Wheelbarrow
24:24 Castle Age
24:04 Wheelbarrow
26:47 Pikeman
27:19 Fletching
31:06 Bow Saw
34:56 Gold Mining
38:31 Imperial Age
37:30 Gold Shaft Mining
37:19 Scale Barding Armor
37:49 Iron Casting
37:38 Squires
38:38 Chain Barding Armor
39:25 Heavy Plow
40:26 Two-Man Saw
39:58 Bloodlines
39:48 Husbandry
40:51 Halberdier
41:48 Scale Mail Armor
42:21 Town Watch
44:12 Chain Mail Armor
44:43 Conscription
50:48 Crop Rotation
51:59 Plate Barding Armor
52:16 Detinets
54:12 Light Cavalry
57:35 Capped Ram
59:41 Stone Mining
61:42 Blast Furnace
63:04 Bodkin Arrow
63:59 Padded Archer Armor
71:29 Leather Archer Armor
two_fish
5:55 Loom
15:25 Feudal Age
23:27 Castle Age
40:24 Imperial Age
44:20 Imperial Age
53:50 Double-Bit Axe
59:14 Caravan
61:10 Wheelbarrow
62:39 Heavy Camel Rider
65:12 Bloodlines
69:52 Horse Collar
69:44 Imperial Camel Rider
71:38 Bow Saw
Bamboozled Kiwi
11:01 Loom
12:46 Feudal Age
13:38 Double-Bit Axe
15:30 Fishing Lines
16:58 Bloodlines
19:53 Scale Barding Armor
22:44 Castle Age
21:20 Forging
22:04 Horse Collar
27:30 Husbandry
30:39 Wheelbarrow
29:50 Town Watch
32:53 Bow Saw
32:34 Gold Mining
32:45 Heavy Plow
38:40 Murder Holes
38:56 Masonry
40:16 Iron Casting
41:11 Ballistics
41:13 Chain Barding Armor
45:51 Kamandaran
47:48 Fletching
47:59 Padded Archer Armor
50:35 Imperial Age
48:58 Crossbowman
49:44 Thumb Ring
52:14 Chemistry
53:25 Plate Barding Armor
52:47 Bodkin Arrow
53:08 Leather Archer Armor
53:53 Blast Furnace
52:44 Cavalier
57:28 Savar
61:32 Hoardings
Faker
4:01 Loom
13:46 Feudal Age
14:38 Horse Collar
17:48 Castle Age
16:21 Double-Bit Axe
16:59 Stone Mining
19:12 Town Watch
19:39 Bow Saw
24:11 Scale Mail Armor
24:41 Gold Mining
25:38 Squires
26:25 Arson
28:04 Heavy Plow
29:33 Chain Mail Armor
29:48 Forging
30:25 Wheelbarrow
32:36 Iron Casting
32:41 Hamask
33:17 Fletching
35:13 Hand Cart
35:43 Gold Shaft Mining
35:46 Stone Shaft Mining
35:34 Bodkin Arrow
37:03 Ballistics
37:20 Thumb Ring
37:42 Padded Archer Armor
41:42 Imperial Age
39:30 Leather Archer Armor
41:48 Elite Jomsviking
43:08 Plate Mail Armor
43:41 Chemistry
43:27 Bracer
43:39 Masonry
44:16 Conscription
44:35 Siege Engineers
44:30 Cranequins
44:32 Heavy Mounted Crossbowman
46:39 Hoardings
46:02 Murder Holes
47:31 Ring Archer Armor
47:15 Masonry
48:20 Blast Furnace
50:34 Northmen's Fury
55:50 Arrowslits
Connection lost

Rejoining the realm…

Still unreachable

The connection could not be restored.

Session expired

The server has moved on; the page needs a fresh start.